 Dungeon Crawl Stone Soup version 0.27.1-3-gb3d3a73c9e (webtiles) character file.

Game seed: 3053051556987169761

690 Crownlay the Cleaver (level 7, -2/57 HPs)
             Began as a Hill Orc Fighter on Oct 8, 2021.
             Was an Initiate of Cheibriados.
             Slain by a vampire mosquito (5 damage)
             ... on level 5 of the Dungeon.
             The game lasted 00:09:32 (5329 turns).

Crownlay the Cleaver (Hill Orc Fighter)             Turns: 5329, Time: 00:09:32

Health: -2/57      AC: 12    Str: 22    XL:     7   Next: 63%
Magic:  4/7        EV: 10    Int:  9    God:    Cheibriados [......]
Gold:   288        SH:  5    Dex: 11    Spells: 6/6 levels left

rFire    . . .     SeeInvis .   a - +0 war axe
rCold    + . .     Faith    .   (no shield)
rNeg     . . .     Spirit   .   x - +2 ring mail {rC+}
rPois    .         Reflect  +   t - +0 helmet
rElec    .         Harm     .   s - +0 cloak
rCorr    .         Rampage  .   (no gloves)
Will     .....                  j - +1 pair of boots
Stlth    +.........             q - amulet of reflection
HPRegen  0.19/turn              (no ring)
MPRegen  0.10/turn              (no ring)

@: mighty, attractive, very slow
A: no striking features
a: Renounce Religion, Bend Time


You were on level 5 of the Dungeon.
You worshipped Cheibriados.
Cheibriados was noncommittal.
You visited 2 branches of the dungeon, and saw 7 of its levels.

You collected 288 gold pieces.

Inventory:

Hand Weapons
 a - a +0 war axe (weapon)
Missiles
 p - 5 boomerangs (quivered)
Armour
 c - a +0 kite shield
 j - a +1 pair of boots (worn)
 s - a +0 cloak (worn)
 t - a +0 helmet (worn)
 x - a +2 ring mail of cold resistance (worn)
Jewellery
 q - an amulet of reflection (around neck)
Wands
 w - a wand of paralysis (6)
 y - a wand of digging (6)
Scrolls
 g - 3 scrolls of teleportation
 k - a scroll of fog {unknown}
 o - a scroll of summoning {unknown}
 r - 2 scrolls of amnesia {unknown}
 u - a scroll of torment {unknown}
 v - a scroll of magic mapping {unknown}
Potions
 e - 3 potions of lignification {unknown}
 f - 2 potions of magic {unknown}
 h - a potion of attraction
 i - 3 potions of mutation
 l - 2 potions of degeneration
 m - 2 potions of brilliance
 n - a potion of berserk rage {unknown}


   Skills:
 - Level 3.6 Fighting
 + Level 10.7 Axes
 - Level 3.2 Armour
 - Level 3.2 Shields
 + Level 1.1 Invocations


You had 6 spell levels left.
You didn't know any spells.
Your spell library contained the following spells:

 Spells                   Type           Power      Damage    Failure   Level
 Animate Skeleton         Necr           0%         N/A       54%         1
 Apportation              Tloc           0%         N/A       54%         1
 Beastly Appendage        Tmut           0%         N/A       54%         1
 Corona                   Hex            0%         N/A       54%         1
 Freeze                   Ice            0%         1d3       54%         1
 Shock                    Conj/Air       0%         1d3       54%         1
 Summon Small Mammal      Summ           0%         N/A       54%         1
 Slow                     Hex            0%         N/A       67%         2
 Static Discharge         Conj/Air       0%         N/A       67%         2
 Wereblood                Tmut           0%         N/A       67%         2
 Confusing Touch          Hex            0%         N/A       88%         3
 Frozen Ramparts          Ice            0%         1d2       88%         3
 Ozocubu's Armour         Ice            0%         N/A       88%         3
 Spider Form              Tmut/Pois      0%         N/A       88%         3
 Swiftness                Air            0%         N/A       88%         3
 Vampiric Draining        Necr           0%         2d6       88%         3
 Airstrike                Air            0%         N/A       99%         4
 Cause Fear               Hex            0%         N/A       99%         4
 Dispel Undead            Necr           0%         3d6       99%         4
 Hailstorm                Conj/Ice       0%         3d3       99%         4
 Sticky Flame             Conj/Fire      0%         2d3       99%         4
 Metabolic Englaciation   Hex/Ice        0%         N/A       100%        5
 Simulacrum               Ice/Necr       0%         N/A       100%        6
 Dragon Form              Tmut           0%         N/A       100%        7
 Dragon's Call            Summ           0%         N/A       100%        9


Dungeon Overview and Level Annotations

Branches:
Dungeon (6/15)             Temple (1/1) D:5

Altars:
Cheibriados
Dithmenos
Hepliaklqana
Kikubaaqudgha
Makhleb
Nemelex Xobeh
Qazlal
Ru
Sif Muna
Trog
Wu Jian
Xom
Yredelemnul

Shops:
D:1 (=(!(   D:3 (   D:5 **


Message History

You are too injured to fight recklessly!
You are too injured to fight recklessly!
You slash the vampire mosquito!
The vampire mosquito is moderately damaged.
The vampire mosquito bites you.
The vampire mosquito draws strength from your injuries!
The vampire mosquito bites you.
The vampire mosquito draws strength from your injuries!
The flow of time bends around you.
The vampire mosquito resists with some effort.
The vampire mosquito bites you but does no damage.
The vampire mosquito bites you!
* * * LOW HITPOINT WARNING * * *
The vampire mosquito draws strength from your injuries!
You miss the vampire mosquito.
The vampire mosquito is lightly damaged.
You block the vampire mosquito's attack.
You feel very mighty all of a sudden.
You block the vampire mosquito's attack.
The vampire mosquito bites you.
* * * LOW HITPOINT WARNING * * *
The vampire mosquito draws strength from your injuries!
You closely miss the vampire mosquito.
The vampire mosquito is lightly damaged.
The vampire mosquito closely misses you.
The vampire mosquito bites you but does no damage.
You slash the vampire mosquito!
The vampire mosquito is moderately damaged.
The vampire mosquito barely misses you.
You block the vampire mosquito's attack.
You closely miss the vampire mosquito.
The vampire mosquito is moderately damaged.
The vampire mosquito bites you!
* * * LOW HITPOINT WARNING * * *
The vampire mosquito draws strength from your injuries!
You block the vampire mosquito's attack.
It was a potion of attraction.
You feel attractive to monsters. The vampire mosquito bites you.
You die...

#############
#.....).....##########
#...###............... #
#<......###.########## #
#...##### #.# # ############..##
#.# ## ..............# #.# ##.
#######.####..########.########.#
#.####....@............#.##
#.#........y####..####.#.#
######.#.##............# #.#.##
##........###.#########.# #.##.#
#..#...##..##.# #.# #.###.
....#.#..#.##.## #.####.####
.#..#....#.....# #.......# #
..##....#...##.# ###########..###
.....>.....###.# #...>..........#


You could see a vampire mosquito.

Vanquished Creatures
  An ogre (D:5)
  A scorpion (D:5)
  2 wyvern skeletons (D:5)
  A howler monkey (D:5)
  A bullfrog zombie (D:5)
  2 hounds (D:4)
  An orc priest (D:4)
  An orc wizard (D:3)
  3 iguanas
  A scorpion zombie (D:5)
  A hound skeleton (D:4)
  A mummy (D:5)
  4 adders
  An adder skeleton (D:4)
  4 worms
  A dart slug (D:2)
  11 orcs
  7 endoplasms
  2 giant cockroaches
  4 hobgoblins
  5 jackals
  6 kobolds
  4 quokkas
  7 ball pythons
  3 bats
  2 frilled lizards
  7 goblins
  3 rats
87 creatures vanquished.

Notes
Turn   | Place    | Note
-------+----------+-------------------------------------------
     0 | D:1      | Crownlay the Hill Orc Fighter began the quest for the Orb.
     0 | D:1      | Reached XP level 1. HP: 19/19 MP: 1/1
   261 | D:1      | Reached skill level 3 in Axes
   318 | D:1      | Reached XP level 2. HP: 26/26 MP: 2/2
   376 | D:1      | Found Ylooqapt's Antique Weapon Shop.
   709 | D:1      | Found Hyut's Distillery.
   725 | D:1      | Found Ceutahelen's Weapon Shop.
   942 | D:1      | Reached skill level 4 in Axes
   944 | D:1      | Found Oseubb's Jewellery Emporium.
  1005 | D:1      | Found Geupyoj's Weapon Shop.
  1560 | D:2      | Reached XP level 3. HP: 31/31 MP: 3/3
  1807 | D:2      | You fall into a shaft and drop 2 floors!
  1811 | D:4      | Reached skill level 5 in Axes
  1884 | D:4      | Reached XP level 4. HP: 37/39 MP: 4/4
  2042 | D:2      | Reached skill level 6 in Axes
  2462 | D:3      | Reached XP level 5. HP: 44/45 MP: 5/5
  2584 | D:3      | Found Jyluwoi's Weapon Boutique.
  3235 | D:4      | Reached skill level 7 in Axes
  3528 | D:4      | Reached skill level 8 in Axes
  3528 | D:4      | Reached XP level 6. HP: 49/51 MP: 6/6
  3670 | D:4      | Found a shimmering altar of Xom.
  3670 | D:4      | Found a stormy altar of Qazlal.
  4001 | D:5      | Entered Level 5 of the Dungeon
  4021 | D:5      | Reached skill level 9 in Axes
  4150 | D:5      | Found a staircase to the Ecumenical Temple.
  4161 | D:5      | Reached XP level 7. HP: 43/57 MP: 7/7
  4172 | Temple   | Entered the Ecumenical Temple
  4477 | D:5      | Reached skill level 10 in Axes
  4645 | D:5      | Found a snail-covered altar of Cheibriados.
  4661 | D:5      | Became a worshipper of Cheibriados the Contemplative
  4964 | D:5      | Found Numn's Specific Store.
  4967 | D:5      | Found Redghod's General Store.
  5231 | D:5      | Reached skill level 1 in Invocations
  5307 | D:6      | Noticed a vampire mosquito
  5329 | D:5      | Slain by a vampire mosquito

Illustrated notes

Levels and vault maps discovered:
D:1:      dpeg_arrival_arbitrary_c, layout_loops_cross, serial_shops,
          nicolae_diamond_shop, nicolae_shop_window_shopping, shop_statue,
          shop_coins, shop_fountains, chequers_serial_rivers_small_a
D:2:      kennysheep_six_static_rooms, layout_rooms
D:3:      layout_basic, serial_shops, nicolae_shop_stone, minmay_checkerbox
D:4:      layout_loops_cross, gammafunk_temple_overflow_pools
D:5:      layout_loops_ring, slow_altar_2, minmay_temple_entry_mini_moons,
          nicolae_specific_store
D:6:      layout_basic, nicolae_elemental_shop, uniq_crazy_yiuf_cottage
Temple:   zaba_magenta_temple

Skill      XL: |  1  2  3  4  5  6  7 |
---------------+----------------------+-----
Axes           | 3 4 5 6 8 9 10 | 10.7
Invocations    | 1 |  1.1
Fighting       | |  3.6
Armour         | |  3.2
Shields        | |  3.2

Action                   |  1- 3 |  4- 6 |  7- 9 || total
-------------------------+-------+-------+-------++-------
Melee: War axe           |    91 |   159 |    57 ||   307
Invok: Bend Time         |       |       |     1 ||     1
  Use: Scroll            |       |     3 |     1 ||     4
       Potion            |       |       |     2 ||     2
Armor: Scale mail        |    36 |    56 |     6 ||    98
       Ring mail         |       |       |    12 ||    12
Dodge: Dodged            |    39 |    68 |    17 ||   124
Block: Other             |       |    26 |    14 ||    40
